 Dungeon Crawl Stone Soup version 0.21-a0-582-g1b93aee (console) character file.

59 toffzen the Insei (level 4, -37/21 HPs)
             Began as a Vine Stalker Transmuter on Dec 19, 2017.
             Was an Initiate of Ru.
             Killed from afar by an adder (40 damage)
             ... with an exploding inner flame
             ... hexed by the player character
             ... on level 3 of the Dungeon.
             The game lasted 00:13:16 (2727 turns).

toffzen the Insei (Vine Stalker Transmuter)         Turns: 2727, Time: 00:13:17

Health: -37/21     AC:  2    Str: 17    XL:     4   Next: 3%
Magic:  0/8        EV: 12    Int: 14    God:    Ru [......]
Gold:   69         SH:  0    Dex: 15    Spells: 1/7 levels left

rFire    . . .     SeeInvis .     - Unarmed
rCold    . . .     Gourm    .   (no shield)
rNeg     . . .     Faith    .   b - +0 robe
rPois    .         Spirit   +   (no helmet)
rElec    .         Reflect  .   (no cloak)
rCorr    .         Harm     .   (no gloves)
MR       .....                  (no boots)
Stlth    +.........             (no amulet)
HPRegen  0.47/turn              (no ring)
MPRegen  0.11/turn              (no ring)

@: mighty, very slightly contaminated
A: fangs 2, regeneration 1, magic shield, antimagic bite, no potion heal 3, rot
immunity
a: Renounce Religion


You were on level 3 of the Dungeon.
You worshipped Ru.
Ru was noncommittal.
You were not hungry.

You visited 1 branch of the dungeon, and saw 3 of its levels.

You collected 69 gold pieces.

Inventory:

Missiles
 a - 22 arrows
 g - 157 stones (quivered)
Armour
 b - a +0 robe (worn)
 k - a +0 leather armour
Scrolls
 e - 4 scrolls of remove curse {unknown}
 f - a scroll of enchant armour {unknown}
 h - a scroll of immolation
 j - a scroll of enchant weapon {unknown}
 l - 2 scrolls of random uselessness {unknown}
 n - 5 scrolls of identify {unknown}
 o - a scroll of amnesia {unknown}
 q - 2 scrolls of teleportation {unknown}
 r - 2 scrolls of fog {unknown}
Potions
 p - a potion of heal wounds {unknown}
Books
 c - a book of Changes

   Spells                             Type                      Level
   a - Beastly Appendage              Transmutation                1
   b - Sticks to Snakes               Transmutation                2
   c - Spider Form                    Transmutation/Poison         3
   d - Ice Form                       Ice/Transmutation            4
   e - Blade Hands                    Transmutation                5
Comestibles
 d - 5 rations


   Skills:
 - Level 0.8 Fighting
 - Level 1.5 Dodging
 + Level 3.8 Unarmed Combat
 - Level 2.1 Spellcasting
 * Level 3.1 Transmutations
 * Level 1.1 Poison Magic


You had one spell level left.
You knew the following spells:

 Your Spells              Type           Power        Failure   Level  Hunger
a - Beastly Appendage     Tmut           ##....       6%          1    #......
b - Sticks to Snakes      Tmut           ##......     10%         2    ###....
c - Spider Form           Tmut/Pois      #.........   28%         3    ###....


Dungeon Overview and Level Annotations

Branches:
Dungeon (3/15)

Altars:
Elyvilon
Ru
Zin


Innate Abilities, Weirdness & Mutations

You have extremely sharp teeth.
Your natural rate of healing is unusually fast.
When hurt, damage is shared between your health and your magic reserves.
Your bite disrupts and absorbs the magic of your enemies.
Potions cannot restore your health.
You are immune to rotting.


Message History

You are more poisoned.
The adder poisons you!
It was a potion of curing.
Your system rejects the healing.
You feel better. The adder barely misses you.
As you read the scroll labeled MAXANWI VAUMO, it crumbles to dust.
The creatures around you are filled with an inner flame!
It was a scroll of immolation.
The adder bites you.
* * * LOW HITPOINT WARNING * * *
Your horns disappear.
The adder barely misses you.
It was a potion of might.
You feel very mighty all of a sudden. The adder barely misses you.
You punch the adder!
The adder explodes!
The fiery explosion engulfs the goblin.
You kill the goblin!
The fiery explosion engulfs you!
Ouch! That really hurt!
You die...

#...........##..#####
..
##.......##.###......#
.'.......##.# ##..##.#
##.......##.# ##.##'##
#..)#######'#####.#...#
###)### #.....##.#...#
......# #.....#§§....#
..########.....#.#....#
..'............#@#g####
..#########'####.#†#
..# ### #.#.# ..# #
..#.## ..# #.###..# ..#
#......# ..# #...%..#
### #.##......h. #
###..##..


There were no monsters in sight!

Vanquished Creatures
  2 worms
  3 giant cockroaches
  6 goblins
  7 hobgoblins
  6 jackals
  3 quokkas
  A ball python (D:3)
  4 bats
  5 frilled lizards
  4 kobolds
  5 rats
46 creatures vanquished.

Vanquished Creatures (collateral kills)
  2 orcs (D:3)
2 creatures vanquished.

Vanquished Creatures (others)
  An adder (D:3)
  A frilled lizard (D:3)
2 creatures vanquished.

Grand Total: 50 creatures vanquished

Notes
Turn   | Place    | Note
-------+----------+-------------------------------------------
     0 | D:1      | toffzen the Vine Stalker Transmuter began the quest for the Orb.
     0 | D:1      | Reached XP level 1. HP: 9/9 MP: 4/4
   442 | D:1      | Reached XP level 2. HP: 11/14 MP: 6/6
   524 | D:1      | Learned a level 2 spell: Sticks to Snakes
   960 | D:2      | Found a glowing silver altar of Zin.
  1128 | D:2      | Reached XP level 3. HP: 15/17 MP: 5/7
  1135 | D:2      | Learned a level 3 spell: Spider Form
  1387 | D:2      | Found a sacrificial altar of Ru.
  1396 | D:2      | Became a worshipper of Ru the Awakened
  1445 | D:2      | Found a white marble altar of Elyvilon.
  2708 | D:3      | Reached skill level 1 in Poison Magic
  2714 | D:3      | Gained mutation: Your natural rate of healing is unusually fast. [Vine Stalker growth]
  2714 | D:3      | Reached XP level 4. HP: 13/21 MP: 8/8
  2727 | D:3      | Killed from afar by an adder

Vault maps used:
D:1:      saegor_arrival_simple_d
D:2:      nicolae_ru_sacrificial_ziggurat, zin_treasury, elyvilon_altar_1
D:3:      fiery_altar_vehumet

Skill      XL: |  1  2  3 |
---------------+----------+-----
Transmutations | 3 |  3.1
Poison Magic   | 1 |  1.1
Fighting       | |  0.8
Dodging        | |  1.5
Unarmed Combat | |  3.8
Spellcasting   | |  2.1

Action                   |  1- 3 |  4- 6 || total
-------------------------+-------+-------++-------
Melee: Unarmed           |   115 |     5 ||   120
       Bite              |    19 |       ||    19
       Kick              |     5 |       ||     5
       Punch             |     5 |       ||     5
       Headbutt          |     7 |       ||     7
Throw: Stone             |     2 |       ||     2
 Cast: Beastly Appendage |    19 |       ||    19
       Sticks to Snakes  |     7 |       ||     7
  Use: Potion            |       |     2 ||     2
       Scroll            |       |     1 ||     1
 Stab: Sleeping          |     2 |       ||     2
  Eat: Chunk             |     3 |       ||     3
       Ration            |     1 |       ||     1
Armor: Robe              |    24 |       ||    24
Dodge: Dodged            |    57 |     6 ||    63

Table legend:
 A = Spawn XP
 B = Non-spawn XP
 C = Spawn XP percentage of total XP
 D = Spawn monster count
 E = Non-spawn monster count
 F = Spawn count percentage of total count
 G = Total turns spent on level
                    A         B        C        D         E        F      G
               +---------+---------+-------+---------+---------+-------+---------
         Total |       0 |      85 |   0.0 |       0 |      48 |   0.0 |  2727
               +---------+---------+-------+---------+---------+-------+---------
           D:1 |       0 |      13 |   0.0 |       0 |       8 |   0.0 |   739
           D:2 |       0 |      37 |   0.0 |       0 |      21 |   0.0 |  1202
           D:3 |       0 |      35 |   0.0 |       0 |      19 |   0.0 |   786
               +---------+---------+-------+---------+---------+-------+---------
